 Dungeon Crawl Stone Soup version 0.27-a0-686-gaed091b46b (webtiles) character file.

Game seed: 8872362871416671558

151 DarkShadow the Ruffian (level 5, 0/53 HPs)
             Began as a Troll Berserker on Mar 21, 2021.
             Was a Believer of Trog.
             Slain by an ogre
             ... wielding a +0 giant club
              (12 damage)
             ... on level 3 of the Dungeon.
             The game lasted 00:10:50 (2698 turns).

DarkShadow the Ruffian (Troll Berserker)            Turns: 2698, Time: 00:10:50

Health: 0/53       AC:  4    Str: 25    XL:     5   Next: 10%
Magic:  4/4        EV: 10    Int:  3    God:    Trog [**....]
Gold:   53         SH:  0    Dex: 10    Spells: 4/4 levels left

rFire    . . .     SeeInvis .     - Unarmed
rCold    . . .     Faith    .   (no shield)
rNeg     . . .     Spirit   .   a - +0 animal skin
rPois    .         Reflect  .   (helmet restricted)
rElec    .         Harm     .   (no cloak)
rCorr    .         Rampage  .   (gloves unavailable)
Will     .....                  (boots unavailable)
Stlth    +.........             (no amulet)
HPRegen  1.17/turn              (no ring)
MPRegen  0.09/turn              (no ring)

@: no status effects
A: large, unfitting armour, claws 3, regeneration 1, shaggy fur 1, tough skin 1
a: Renounce Religion, Berserk, Trog's Hand


You were on level 3 of the Dungeon.
You worshipped Trog.
Trog was pleased with you.
You visited 1 branch of the dungeon, and saw 3 of its levels.

You collected 53 gold pieces.

Inventory:

Armour
 a - a +0 animal skin (worn)
Scrolls
 b - a scroll of amnesia
 c - 2 scrolls of noise
 f - a scroll of magic mapping


   Skills:
 + Level 3.0 Fighting
 + Level 3.3 Dodging
 + Level 0.3 Stealth
 + Level 4.5 Unarmed Combat


You had 4 spell levels left.
You didn't know any spells.
Your spell library was empty.

Dungeon Overview and Level Annotations

Branches:
Dungeon (3/15)

Altars:
Okawaru
Wu Jian
Zin

Shops:
D:2 *


Innate Abilities, Weirdness & Mutations

You are too large for most types of armour.
You have claws for hands.
Your natural rate of healing is unusually fast.
You are covered in fur. (AC +1)
You have tough skin. (AC +1)


Message History

You kill the orc!
Trog accepts your kill.
Things that are here:
a +0 short sword; an orc corpse A bat comes into view.
You claw the bat!
You kill the bat!
Trog accepts your kill.
You see here a bat corpse.
You open the door.
There is an open door here.
Why would you want to do that?
You enter the shallow water.
Moving in this stuff is going to be slow.
As you open the door, it creaks loudly!
You hear a shout!
An ogre comes into view. It is wielding a +0 giant club.
The ogre shouts!
Found an iron altar of Okawaru.
There is an open door here.
You enter the shallow water.
Moving in this stuff is going to be slow.
There is an open door here.
You enter the shallow water.
Moving in this stuff is going to be slow.
Why would you want to do that?
There is an open door here.
You scratch the ogre but do no damage. The ogre closely misses you.
You claw the ogre!
The ogre is heavily wounded.
The ogre hits you with a +0 giant club!!
You scratch the ogre but do no damage.
The ogre is heavily wounded.
The ogre closely misses you.
You claw the ogre!
The ogre is almost dead.
The ogre hits you with a +0 giant club!!
Ouch! That really hurt!
* * * LOW HITPOINT WARNING * * *
You feel better. The ogre hits you with a +0 giant club!
You die...

##....# #...## #...# ##.## .
# #.# .. ..#. ###### #.#
###.#### ..... #≈≈≈≈# #.#
........ _.....##≈≈≈≈### #.#
###...###
.......'≈≈≈≈O@###.#
#.....###
..#....#≈≈≈≈#.....##.
#.....##
#.#.##≈≈≈≈#####.##.##.......
..... ###### #............#
. ### ####..........
#..#...#.# ##.....#.#
#.#...#.# #..<....#


You could see an ogre.

Vanquished Creatures
  An ogre (D:2)
  An adder (D:3)
  A worm (D:2)
  2 dart slugs
  3 leopard geckos
  2 orcs (D:3)
  2 giant cockroaches (D:1)
  4 goblins
  6 hobgoblins
  4 jackals (D:1)
  3 quokkas
  5 bats
  2 frilled lizards
  3 kobolds
  3 rats
42 creatures vanquished.

Notes
Turn   | Place    | Note
-------+----------+-------------------------------------------
     0 | D:1      | DarkShadow the Troll Berserker began the quest for the Orb.
     0 | D:1      | Reached XP level 1. HP: 22/22 MP: 0/0
   225 | D:1      | Reached XP level 2. HP: 29/29 MP: 1/1
   806 | D:1      | Reached XP level 3. HP: 36/36 MP: 2/2
   957 | D:2      | Reached ** piety under Trog
  1302 | D:2      | Found an ornate altar of the Wu Jian Council.
  1374 | D:2      | Found Zin's Purification Station.
  1383 | D:2      | Found a glowing silver altar of Zin.
  1413 | D:2      | Noticed an ogre
  1421 | D:2      | Killed an ogre
  1422 | D:2      | Reached skill level 4 in Unarmed Combat
  1422 | D:2      | Reached XP level 4. HP: 9/44 MP: 3/3
  2343 | D:3      | Reached XP level 5. HP: 48/52 MP: 4/4
  2685 | D:3      | Found an iron altar of Okawaru.
  2685 | D:3      | Noticed an ogre
  2698 | D:3      | Slain by an ogre

Illustrated notes

Levels and vault maps discovered:
D:1:      ncdulo_halloftheorcs, layout_loops_ring, st_stairs_14
D:2:      layout_loops_corners, lemuel_round_altar, zin_purify
D:3:      layout_loops_cross, chequers_serial_rivers_room_b, okawaru_gym_becter,
          uniq_sigmund

Skill      XL: |  1  2  3  4  5 |
---------------+----------------+-----
Dodging        | 3 |  3.3
Unarmed Combat | 4 |  4.5
Fighting       | 3 |  3.0
Stealth        | |  0.3

Action                   |  1- 3 |  4- 6 || total
-------------------------+-------+-------++-------
Melee: Unarmed           |    76 |    36 ||   112
       Punch             |     1 |     1 ||     2
  Use: Scroll            |     5 |     4 ||     9
       Potion            |       |     1 ||     1
Armor: Animal skin       |    28 |     9 ||    37
Dodge: Dodged            |    49 |    21 ||    70

Table legend: (Time is in decaauts)
 A = Elapsed time spent in this place.
 B = Non-inter-level travel time spent in this place.
 C = Inter-level travel time spent in this place.
 D = Time resting spent in this place.
 E = Time spent auto-exploring this place.
 F = Levels seen in this place.
 G = Mean time per level.
                   A        B        C        D        E       F      G
               +--------+--------+--------+--------+--------+-----+--------+
         Total |   2695 |   2689 |      6 |    140 |   1072 |   3 |  898.3 |
       Dungeon |   2695 |   2689 |      6 |    140 |   1072 |   3 |  898.3 |
               +--------+--------+--------+--------+--------+-----+--------+

Top non-repeatable levels by time:
     D:2: 1348 daAuts
     D:1: 915 daAuts
     D:3: 430 daAuts
